 Dungeon Crawl Stone Soup version 0.29.0-4-gdea44cf6ec (webtiles) character file.

Game seed: 15081296053709863900

252 qw the Chopper (level 5, -5/47 HPs)
             Began as a Minotaur Berserker on Sept 6, 2022.
             Was a Priest of Trog.
             Slain by a gnoll
             ... wielding a +0 halberd
             ... led by a gnoll bouda
              (10 damage)
             ... on level 4 of the Dungeon.
             The game lasted 00:01:02 (3016 turns).

qw the Chopper (Minotaur Berserker)                 Turns: 3016, Time: 00:01:02

Health: -5/47      AC:  9    Str: 24    XL:     5   Next: 89%
Magic:  4/4        EV:  6    Int:  4    God:    Trog [***...]
Gold:   232        SH: 11    Dex:  9    Spells: 4/4 levels left

rFire   . . .      SeeInvis .   Y - +0 hand axe
rCold   . . .      Faith    .   h - +0 kite shield
rNeg    . . .      Spirit   .   e - +0 chain mail
rPois   .          Reflect  +   (helmet restricted)
rElec   .          Harm     .   (no cloak)
rCorr   .          Rampage  .   k - +0 pair of gloves
Will    .....                   (no boots)
Stlth   ..........              f - amulet of reflection
HPRegen 0.15/turn               (no ring)
MPRegen 0.09/turn               (no ring)

@: on berserk cooldown, slowed, very slow
A: horns 2, retaliatory headbutt
a: Renounce Religion, Berserk, Trog's Hand


You were on level 4 of the Dungeon.
You worshipped Trog.
Trog was most pleased with you.
You visited 1 branch of the dungeon, and saw 4 of its levels.

You collected 232 gold pieces.


Innate Abilities, Weirdness & Mutations

You have a pair of horns on your head.
You reflexively headbutt those who attack you in melee.


   Skills:
 - Level 4.4 Fighting
 - Level 7.3 Axes
 - Level 1.0 Throwing
 - Level 2.4 Armour
 - Level 2.1 Dodging
 + Level 0.8 Shields


You had 4 spell levels left.
You didn't know any spells.
Your spell library was empty.

Inventory:

Hand Weapons
 c - a +0 flail
 Y - a +0 hand axe (weapon)
Missiles
 g - 3 boomerangs
 n - a javelin (quivered)
Armour
 e - a +0 chain mail (worn)
 h - a +0 kite shield (worn)
 k - a +0 pair of gloves (worn)
Jewellery
 f - an amulet of reflection (around neck)
Scrolls
 a - 3 scrolls of teleportation
Potions
 i - a potion of curing {unknown}

Dungeon Overview and Level Annotations

Branches:
Dungeon (4/15)
 Temple: D:4-7

Altars:


Message History

You slash the gnoll!
You kill the gnoll!
Trog accepts your kill.
You hear a shout! x2
Things that are here:
a +0 dagger; a +0 leather armour 2 gnolls come into view.
You feel a strong urge to attack something.
The gnoll bouda barks out a call to the hunt!
The gnoll moves out of view. x2
You are no longer berserk.
You are exhausted.
You feel yourself slow down. You block the gnoll's attack.
You barely miss the gnoll bouda.
The gnoll bouda barks out a call to the hunt!
The gnoll picks up the pace!
The gnoll hits you from afar with a +0 halberd!
You closely miss the gnoll bouda. Your headbutt misses the gnoll bouda.
The gnoll bouda hits you with a +0 whip!
You block the gnoll's attack. The gnoll barely misses you.
The gnoll closely misses you. You block the gnoll bouda's attack.
You barely miss the gnoll bouda. You headbutt the gnoll bouda!
The gnoll bouda is heavily wounded.
The gnoll hits you but does no damage. The gnoll bouda barely misses you.
You block the gnoll's attack.
The gnoll hits you from afar with a +0 halberd!
You hit the gnoll bouda but do no damage.
You headbutt the gnoll bouda!
The gnoll bouda is almost dead.
The gnoll bouda mumbles some strange prayers to its god.
The gnoll bouda is healed somewhat.
You block the gnoll's attack.
The gnoll hits you but does no damage. x2
The gnoll bouda hits you with a +0 whip!
You hit the gnoll bouda but do no damage.
The gnoll bouda is severely wounded.
The gnoll hits you from afar with a +0 halberd!
The gnoll bouda hits you with a +0 whip.
You block the gnoll's attack. x2; You block the gnoll bouda's attack.
The gnoll hits you from afar with a +0 halberd!
You die...

###### .^..#
....# ... #
... ###..
#.#......
#g#......
####@(g.....
#....#g....#
#..))# ##...
#....# .
#....#####
#...........
#...........
#..........#
#..........#
#


You could see a gnoll bouda and 2 gnolls.

Vanquished Creatures
  A hound (D:3)
  An orc priest (D:3)
  An orc wizard (D:3)
  Robin (D:2)
  A gnoll (D:4)
  4 adders
  6 worms
  A dart slug (D:2)
  3 orcs
  5 ball pythons
  9 bats
  5 endoplasms
  3 giant cockroaches (D:3)
  4 hobgoblins
  13 jackals
  5 quokkas
  6 frilled lizards
  12 goblins
  4 kobolds
  2 rats
87 creatures vanquished.

Notes
Turn   | Place    | Note
-------+----------+-------------------------------------------
     0 | D:1      | qw the Minotaur Berserker began the quest for the Orb.
     0 | D:1      | Reached XP level 1. HP: 19/19 MP: 0/0
     0 | D:1      | 0 ||| qw: Version: 0.1-a-108-g9e35731
     0 | D:1      | 0 ||| qw: Game counter: 6405
     0 | D:1      | 0 ||| qw: Always use a shield: true
     0 | D:1      | 0 ||| qw: Do Orc after D:15 true
     0 | D:1      | 0 ||| qw: Do second Lair branch before Depths: true
     0 | D:1      | 0 ||| qw: Lair rune preference: random
     0 | D:1      | 0 ||| qw: Plans: Normal
     0 | D:1      | 0 ||| PLANNING D:1-11
    77 | D:1      | Reached skill level 4 in Axes
    98 | D:1      | Reached XP level 2. HP: 26/26 MP: 1/1
   218 | D:1      | 218 ||| Stepping ~*~*~tactically~*~*~ (stealth).
   229 | D:1      | 229 ||| Stepping ~*~*~tactically~*~*~ (stealth).
   307 | D:1      | 307 ||| DROPPING +0 club.
   325 | D:1      | 325 ||| Stepping ~*~*~tactically~*~*~ (stealth).
   329 | D:1      | 329 ||| Stepping ~*~*~tactically~*~*~ (stealth).
   341 | D:1      | Reached skill level 5 in Axes
   507 | D:1      | Reached XP level 3. HP: 31/31 MP: 2/2
   522 | D:1      | Reached ** piety under Trog
   717 | D:1      | 717 ||| Stepping ~*~*~tactically~*~*~ (stealth).
   725 | D:1      | 725 ||| Stepping ~*~*~tactically~*~*~ (stealth).
   734 | D:1      | 734 ||| Stepping ~*~*~tactically~*~*~ (stealth).
   739 | D:1      | 739 ||| Stepping ~*~*~tactically~*~*~ (stealth).
   931 | D:1      | 931 ||| UPGRADING to +0 ring mail.
   941 | D:1      | 941 ||| DROPPING +0 animal skin.
   942 | D:1      | 942 ||| UPGRADING to amulet of reflection.
   947 | D:1      | 947 ||| DROPPING amulet of faith.
   948 | D:1      | 948 ||| READING 2 scrolls labelled KEYPSU LUKKI.
   953 | D:1      | 953 ||| READING scroll labelled ROXO ONOEMEAL.
   954 | D:1      | 954 ||| DRINKING 2 sapphire potions.
   955 | D:1      | 955 ||| DROPPING potion of attraction.
  1241 | D:2      | 1241 ||| Stepping ~*~*~tactically~*~*~ (stealth).
  1283 | D:2      | 1283 ||| INVOKING Berserk.
  1498 | D:2      | Identified the +0 robe of Berod {rC- rN+ Will+ rCorr}
  1525 | D:2      | Found a faded altar of an unknown god.
  1536 | D:2      | 1536 ||| DROPPING +0 whip.
  1548 | D:2      | Reached XP level 4. HP: 32/39 MP: 3/3
  1777 | D:2      | 1777 ||| Stepping ~*~*~tactically~*~*~ (stealth).
  1814 | D:2      | Reached skill level 6 in Axes
  1817 | D:2      | 1817 ||| DROPPING +1 whip of freezing.
  1825 | D:2      | 1825 ||| Stepping ~*~*~tactically~*~*~ (stealth).
  1826 | D:2      | 1826 ||| Stepping ~*~*~tactically~*~*~ (stealth).
  1840 | D:2      | Reached skill level 1 in Throwing
  1842 | D:2      | Noticed Robin
  1848 | D:2      | 1848 ||| INVOKING Berserk.
  1852 | D:2      | Killed Robin
  2054 | D:2      | 2054 ||| DROPPING +0 robe of Berod {rC- rN+ Will+ rCorr}.
  2055 | D:2      | 2055 ||| UPGRADING to +0 pair of gloves.
  2060 | D:2      | 2060 ||| DROPPING ring of flight.
  2061 | D:2      | 2061 ||| READING scroll labelled GAT UNKIROIR.
  2062 | D:2      | 2062 ||| READING scroll labelled XYIR WIOCULI.
  2063 | D:2      | 2063 ||| READING scroll labelled HONYENOMNU.
  2064 | D:2      | 2064 ||| READING scroll labelled WOFIAD XOTS.
  2065 | D:2      | 2065 ||| READING 3 scrolls of teleportation.
  2132 | D:3      | 2132 ||| Stepping ~*~*~tactically~*~*~ (hiding).
  2316 | D:3      | 2316 ||| INVOKING Berserk.
  2320 | D:3      | Reached XP level 5. HP: 45/45 MP: 4/4
  2327 | D:3      | Reached skill level 7 in Axes
  2462 | D:3      | 2462 ||| Stepping ~*~*~tactically~*~*~ (stealth).
  2470 | D:3      | 2470 ||| Stepping ~*~*~tactically~*~*~ (stealth).
  2471 | D:3      | 2471 ||| Stepping ~*~*~tactically~*~*~ (stealth).
  2585 | D:3      | Reached *** piety under Trog
  2831 | D:3      | Identified the +3 dagger of Past Mistakes {venom, Dex+4}
  2906 | D:3      | 2906 ||| UPGRADING to +0 scale mail.
  2916 | D:3      | 2916 ||| DROPPING +0 ring mail.
  2917 | D:3      | 2917 ||| UPGRADING to +0 chain mail.
  2927 | D:3      | 2927 ||| DROPPING +0 scale mail.
  2928 | D:3      | 2928 ||| UPGRADING to +0 kite shield.
  3004 | D:4      | 3004 ||| INVOKING Berserk.
  3016 | D:4      | HP: 10/47 [gnoll/+0 halberd[a gnoll bouda] (8)]
  3016 | D:4      | Slain by a gnoll

Levels and vault maps discovered:
D:1:      dpeg_arrival_pond, layout_basic
D:2:      layout_loops_ring, shapermc_ecumenical_altar_venn,
          minmay_split_cup_large, uniq_robin
D:3:      layout_loops_cross
D:4:      layout_rooms

Skill      XL: |  1  2  3  4  5 |
---------------+----------------+-----
Axes           | 4 5 6 7 |  7.3
Throwing       | 1 |  1.0
Fighting       | 4 |  4.4
Armour         | |  2.4
Dodging        | |  2.1
Shields        | |  0.8

Action                   |  1- 3 |  4- 6 || total
-------------------------+-------+-------++-------
Melee: Hand axe          |    75 |    87 ||   162
       Headbutt          |     8 |    14 ||    22
       Punch             |     2 |       ||     2
Throw: Boomerang         |    41 |    10 ||    51
       Javelin           |       |    25 ||    25
Invok: Berserk           |     1 |     3 ||     4
  Use: Scroll            |     2 |     5 ||     7
       Potion            |     1 |       ||     1
Armor: Animal skin       |    11 |       ||    11
       Ring mail         |     7 |    13 ||    20
       Chain mail        |       |     6 ||     6
Dodge: Dodged            |    33 |    28 ||    61
Block: Other             |     9 |     8 ||    17
       Kite shield       |       |     9 ||     9

Table legend:
 A = Non-vault XP
 B = Vault XP
 C = Vault XP percentage of total XP
 D = Non-vault monster count
 E = Vault monster count
 F = Vault count percentage of total count
                 A         B        C        D         E       F
            +---------+---------+-------+---------+---------+-------
      Total |     327 |      34 |   9.4 |      75 |      12 |  13.8
            +---------+---------+-------+---------+---------+-------
        D:1 |      53 |       0 |   0.0 |      31 |       0 |   0.0
        D:2 |      54 |      34 |  38.6 |      14 |      12 |  46.2
        D:3 |     203 |       0 |   0.0 |      28 |       0 |   0.0
        D:4 |      17 |       0 |   0.0 |       2 |       0 |   0.0
            +---------+---------+-------+---------+---------+-------
